 Dungeon Crawl Stone Soup version 0.20-a0-537-g052e6ba (webtiles) character file.

1637 Kidiri the Thaumaturge (level 8, -8/44 HPs)
             Began as a Deep Elf Fire Elementalist on Jan 27, 2017.
             Was a Follower of Vehumet.
             Mangled by an orc warrior
             ... wielding a +0 hand axe of electrocution
              (14 damage)
             ... on level 6 of the Dungeon.
             The game lasted 00:18:38 (4493 turns).

Kidiri the Thaumaturge (Deep Elf Fire Elementalist) Turns: 4493, Time: 00:18:39

Health: -8/44      AC:  5    Str:  5    XL:     8   Next: 66%
Magic:  19/23      EV: 14    Int: 28    God:    Vehumet [*.....]
Gold:   231        SH:  0    Dex: 15    Spells: 6/25 levels left

rFire    + . .     SeeInvis +   g - +1 dagger
rCold    + . .     Gourm    .   a - +2 robe
rNeg     . . .     Faith    .   (no shield)
rPois    .         Spirit   .   (no helmet)
rElec    .         Reflect  .   (no cloak)
rCorr    +         Harm     .   (no gloves)
MR       .....                  s - +0 pair of boots of Leusot {rF+ rC+}
Stlth    ++........             (no amulet)
Regen    0.2/turn               n - ring of resist corrosion
                                q - ring of see invisible

@: brilliant
A: no striking features
a: Renounce Religion


You were on level 6 of the Dungeon.
You worshipped Vehumet.
Vehumet was aware of your devotion.
You were not hungry.

You visited 2 branches of the dungeon, and saw 7 of its levels.

You collected 231 gold pieces.

Inventory:

Hand Weapons
 g - a +1 dagger (weapon)
Armour
 a - a +2 robe (worn)
 s - the +0 pair of boots of Leusot (worn) {rF+ rC+}
   (You acquired it on level 6 of the Dungeon)

   It protects you from fire.
   It protects you from cold.
Jewellery
 n - a ring of resist corrosion (right hand)
 q - a ring of see invisible (left hand)
Wands
 r - a wand of iceblast (4/15)
Scrolls
 j - a scroll of enchant armour
 p - 3 scrolls of identify
 t - 2 scrolls of remove curse
Potions
 e - 2 potions of haste
 i - a potion of agility
 k - a potion of berserk rage
 l - 6 potions of curing
Books
 b - a book of Flames

   Spells                             Type                      Level
   a - Flame Tongue                   Conjuration/Fire             1
   b - Throw Flame                    Conjuration/Fire             2
   c - Conjure Flame                  Conjuration/Fire             3
   d - Inner Flame                    Hexes/Fire                   3
   e - Sticky Flame                   Conjuration/Fire             4
   f - Fireball                       Conjuration/Fire             5
 o - a book of Misfortune

   Spells                             Type                      Level
   a - Confusing Touch                Hexes                        1
   b - Confuse                        Hexes                        3
   c - Gell's Gravitas                Hexes/Translocation          3
   d - Petrify                        Transmutation/Earth          4
   e - Metabolic Englaciation         Hexes/Ice                    5
   f - Yara's Violent Unravelling     Hexes/Transmutation          5
Comestibles
 c - 6 bread rations
 f - 4 fruits
 h - 4 meat rations
 u - 2 royal jellies


   Skills:
 + Level 2.0 Fighting
 + Level 2.3 Short Blades
 + Level 1.9 Armour
 + Level 4.0 Dodging
 - Level 2.4 Stealth
 * Level 9.0 Spellcasting
 + Level 5.2 Conjurations
 + Level 5.9 Fire Magic
 + Level 2.2 Air Magic


You had 6 spell levels left.
You knew the following spells:

 Your Spells              Type           Power        Failure   Level  Hunger
a - Flame Tongue          Conj/Fire      #####        1%          1    None
b - Throw Flame           Conj/Fire      ######       1%          2    None
c - Conjure Flame         Conj/Fire      ######..     1%          3    None
d - Inner Flame           Hex/Fire       #####...     1%          3    None
e - Sticky Flame          Conj/Fire      ######..     1%          4    None
f - Fireball              Conj/Fire      ######....   1%          5    ####...
g - Shock                 Conj/Air       ####         1%          1    None


Dungeon Overview and Level Annotations

Branches:
Dungeon (6/15)             Temple (1/1) D:4

Altars:
Ashenzari
Dithmenos
Fedhas
Gozag
Hepliaklqana
Makhleb
Nemelex Xobeh
Okawaru
Qazlal
Ru
Sif Muna
Trog
Uskayaw
Vehumet
Zin
The Shining One


Message History

The orc warrior hits you but does no damage.
Casting: Sticky Flame
Confirm with . or Enter, or press ? or * to list all spells.
Aiming: Sticky Flame
Press: ? - help, Shift-Dir - straight line, f - orc warrior
Aim: an orc warrior, wielding a hand axe of electrocution and wearing a plate armour The sticky flame hits the orc warrior.
The orc warrior is lightly wounded.
The orc warrior is covered in liquid flames!
The orc shouts!
You hear a shout! x2
The orc warrior burns!
The orc warrior hits you with a hand axe of electrocution!
You are electrocuted!
* * * LOW HITPOINT WARNING * * *
An orc and an orc wizard come into view.
It was a potion of brilliance.
You feel clever all of a sudden.
The orc warrior burns!
The orc warrior hits you with a hand axe of electrocution!
You die...

.......# #.#.#
#.###### ##.....#
#.#.# #.# .......#
#.#.#######.#
##.....#
#.#.........#
##.....##
#.###########
.#......# #.#
.#......# #.#
........# #(#
...##...########@#
...##...##.....o.#
.#.##..)##.....o.#
.#.##.....o..(...#
.#>......o.......#
.#..............(#
.#..........####.#
##..>.......# #.#
...########## #.#


You could see an orc warrior (burning), an orc wizard and 2 orcs.

Vanquished Creatures
  The ghost of HAL9000 the Carver, a novice BaBe of Trog (D:4)
  Prince Ribbit (D:5)
  A water moccasin (D:6)
  2 ice beasts
  A phantom (D:4)
  2 ogres
  2 centaurs (D:5)
  A scorpion (D:4)
  A crimson imp (D:6)
  A hound (D:5)
  An orc priest (D:5)
  An orc wizard (D:5)
  A centaur skeleton (D:4)
  2 worker ants (D:6)
  2 worker ant zombies
  4 gnolls (D:5)
  4 adders
  An ooze (D:3)
  2 worms
  A dart slug (D:4)
  5 leopard geckos
  10 orcs
  3 ball pythons
  6 giant cockroaches
  14 goblins
  3 hobgoblins
  12 jackals
  2 kobolds (D:2)
  2 quokkas (D:2)
  7 bats
  7 frilled lizards
  A leopard gecko zombie (D:6)
  A quokka skeleton (D:4)
  A quokka zombie (D:5)
  8 rats
114 creatures vanquished.

Notes
Turn   | Place    | Note
-------+----------+-------------------------------------------
     0 | D:1      | Kidiri the Deep Elf Fire Elementalist began the quest for the Orb.
     0 | D:1      | Reached XP level 1. HP: 10/10 MP: 6/6
   108 | D:1      | Found a shattered altar of Ashenzari.
   166 | D:1      | Reached XP level 2. HP: 11/15 MP: 0/8
   170 | D:1      | Learned a level 2 spell: Throw Flame
   923 | D:2      | Reached skill level 4 in Spellcasting
   949 | D:2      | Reached XP level 3. HP: 19/19 MP: 0/10
  1036 | D:2      | Learned a level 3 spell: Conjure Flame
  1040 | D:2      | Learned a level 3 spell: Inner Flame
  1574 | D:3      | Reached XP level 4. HP: 23/24 MP: 5/12
  1770 | D:3      | Found an iron altar of Okawaru.
  1990 | D:4      | Reached skill level 5 in Spellcasting
  2003 | D:4      | Learned a level 4 spell: Sticky Flame
  2009 | D:4      | Noticed HAL9000's ghost (novice BaBe)
  2148 | D:4      | Reached XP level 5. HP: 28/28 MP: 8/14
  2165 | D:4      | Found a staircase to the Ecumenical Temple.
  2171 | Temple   | Entered the Ecumenical Temple
  2403 | Temple   | Became a worshipper of Vehumet
  2583 | D:4      | Noticed a phantom
  2598 | D:4      | Killed a phantom
  2876 | D:4      | Killed HAL9000's ghost
  2876 | D:4      | Reached skill level 7 in Spellcasting
  2876 | D:4      | Reached skill level 5 in Fire Magic
  2876 | D:4      | Reached XP level 6. HP: 26/32 MP: 14/18
  2876 | D:4      | Reached XP level 7. HP: 30/36 MP: 14/19
  2924 | D:4      | Learned a level 5 spell: Fireball
  3085 | D:5      | Entered Level 5 of the Dungeon
  3113 | D:5      | Reached skill level 1 in Short Blades
  3186 | D:5      | Reached * piety under Vehumet
  3186 | D:5      | Offered knowledge of Shock by Vehumet.
  3186 | D:5      | Reached skill level 1 in Fighting
  3189 | D:5      | Learned a level 1 spell: Shock
  3233 | D:5      | Reached skill level 1 in Armour
  3233 | D:5      | Reached skill level 8 in Spellcasting
  3251 | D:5      | Reached skill level 1 in Air Magic
  3442 | D:5      | Noticed Prince Ribbit
  3450 | D:5      | Killed Prince Ribbit
  3450 | D:5      | Reached XP level 8. HP: 22/43 MP: 14/22
  3558 | D:5      | Found a bloodstained altar of Trog.
  3907 | D:5      | Reached skill level 5 in Conjurations
  4079 | D:6      | Identified a scroll of acquirement
  4080 | D:6      | Got a pair of crude boots
  4091 | D:6      | Identified the +0 pair of boots of Leusot {rF+ rC+} (You acquired it on level 6 of the Dungeon)
  4295 | D:6      | Reached skill level 9 in Spellcasting
  4493 | D:6      | Mangled by an orc warrior

Vault maps used:
D:1:      scummos_arrival_simple_crosswalls, st_stairs_8, hex_large,
          nicolae_ashenzari_panopticon
D:3:      serial_glass, glass_columns_a, glass_columns_a, first_bread,
          serial_park_tiny_pond, okawaru_metal_pillars_3
D:4:      minmay_temple_entry_hall
D:5:      lemuel_round_altar, uniq_prince_ribbit1
Temple:   dpeg_chambers_temple

Skill      XL: |  1  2  3  4  5  6  7  8 |
---------------+-------------------------+-----
Spellcasting   | 4 5 7 8 9 |  9.0
Conjurations   | 2 4 5 |  5.2
Fire Magic     | 4 5 |  5.9
Short Blades   | 1 2 |  2.3
Fighting       | 1 2 |  2.0
Dodging        | 3 4 |  4.0
Armour         | 1 |  1.9
Air Magic      | 1 2 |  2.2
Stealth        | |  2.4

Action                   |  1- 3 |  4- 6 |  7- 9 || total
-------------------------+-------+-------+-------++-------
Melee: Unarmed           |     1 |       |       ||     1
       Dagger            |    25 |    25 |    65 ||   115
 Cast: Flame Tongue      |    64 |    49 |    43 ||   156
       Throw Flame       |     5 |    17 |    16 ||    38
       Conjure Flame     |       |     2 |     1 ||     3
       Sticky Flame      |       |       |     8 ||     8
       Inner Flame       |       |       |     4 ||     4
       Shock             |       |       |     9 ||     9
       Fireball          |       |       |     1 ||     1
  Use: Scroll            |     6 |     6 |     4 ||    16
       Potion            |       |     8 |     1 ||     9
 Stab: Sleeping          |     5 |     2 |     4 ||    11
  Eat: Chunk             |     2 |     2 |     4 ||     8
       Fruit             |       |     4 |       ||     4
Armor: Robe              |    10 |     7 |    17 ||    34
Dodge: Dodged            |    36 |    16 |    49 ||   101
